 Dungeon Crawl Stone Soup version 0.27.1-2-g3b301248ec (webtiles) character file.

Game seed: 16631087030894579233

46 DoubleLucky the Caller (level 3, -9/19 HPs)
             Began as a Tengu Summoner on Oct 2, 2021.
             Mangled by a wyvern skeleton (15 damage)
             ... on level 3 of the Dungeon.
             The game lasted 00:05:23 (1877 turns).

DoubleLucky the Caller (Tengu Summoner)             Turns: 1877, Time: 00:05:24

Health: -9/19      AC:  2    Str:  9    XL:     3   Next: 66%
Magic:  4/8        EV: 12    Int: 15    God:
Gold:   70         SH:  0    Dex: 14    Spells: 1/7 levels left

rFire    . . .     SeeInvis .   e - +0 dagger
rCold    . . .     Faith    .   (no shield)
rNeg     . . .     Spirit   .   a - +0 robe
rPois    .         Reflect  .   (helmet restricted)
rElec    .         Harm     .   (no cloak)
rCorr    .         Rampage  .   (no gloves)
Will     .....                  (boots unavailable)
Stlth    ++........             (no amulet)
HPRegen  0.06/turn              c - +4 ring of slaying
MPRegen  0.11/turn              (no ring)

@: no status effects
A: beak, talons 3
a: no special abilities


You were on level 3 of the Dungeon.
You visited 1 branch of the dungeon, and saw 3 of its levels.

You collected 70 gold pieces.

Inventory:

Hand Weapons
 e - a +0 dagger (weapon)
Armour
 a - a +0 robe (worn)
Jewellery
 c - a +4 ring of slaying (left hand)
Scrolls
 g - a scroll of vulnerability {unknown}
 h - 3 scrolls of identify {unknown}
 j - a scroll of magic mapping {unknown}
 k - a scroll of amnesia {unknown}
Potions
 b - a potion of mutation {unknown}
 d - 3 potions of might {unknown}
 f - 2 potions of haste {unknown}
 i - 3 potions of attraction {unknown}
 l - 2 potions of magic {unknown}
 m - 2 potions of ambrosia {unknown}
 n - a potion of berserk rage {unknown}


   Skills:
 - Level 2.1 Dodging
 - Level 2.0 Stealth
 + Level 2.9 Spellcasting
 + Level 5.6 Summonings


You had one spell level left.
You knew the following spells:

 Your Spells              Type           Power      Damage    Failure   Level
a - Summon Small Mammal   Summ           76%        N/A       1%          1
b - Call Imp              Summ           19%        N/A       3%          2
c - Call Canine Familiar  Summ           19%        N/A       6%          3

Your spell library contained the following spells:

 Spells                   Type           Power      Damage    Failure   Level
 Summon Guardian Golem    Hex/Summ       10%        N/A       19%         3
 Conjure Flame            Conj/Fire      2%         6-21      52%         3
 Ignite Poison            Fire/Tmut/Pois 2%         N/A       52%         3
 Summon Lightning Spire   Summ/Air       10%        N/A       54%         4
 Sticky Flame             Conj/Fire      2%         2d3       90%         4


Dungeon Overview and Level Annotations

Branches:
Dungeon (3/15)

Altars:
The Shining One

Annotations:
D:3 exclusion: orc priest


Innate Abilities, Weirdness & Mutations

You have a beak for a mouth.
You have claws for feet.


Message History

Things that are here:
a scroll labelled FOGHUPPOMNA; a quokka corpse You swap places.
You see here a bat corpse.
What are your orders? t - Shout!
Orders for allies: a - Attack new target. r - Retreat! s - Stop attacking. g - Guard the area. f - Follow me.
Anything else - Cancel.
Gang up on whom?
Press: ? - help, Dir - move target, f - hobgoblin
Aim: a hobgoblin Attack!
Your quokka bites the hobgoblin.
Your quokka disappears in a puff of smoke!
You barely miss the hobgoblin. You claw the hobgoblin.
You kill the hobgoblin!
You now have 66 gold pieces (gained 16).
You see here a hobgoblin corpse.
Magic restored.
You see here a bat corpse.
You now have 70 gold pieces (gained 4).
You see here a +0 club.
Things that are here:
a scroll labelled FOGHUPPOMNA; a quokka corpse A wyvern skeleton is nearby!
You see here a hobgoblin corpse.
Casting: Summon Small Mammal (safe; 1% risk of failure)
Confirm with . or Enter, or press ? or * to list all spells.
A beastly little devil appears in a puff of flame.
The wyvern skeleton closely misses you. The wyvern skeleton bites you!
Ouch! That really hurt!
Your crimson imp barely misses the wyvern skeleton.
Casting: Call Imp (safe; 3% risk of failure)
Confirm with . or Enter, or press ? or * to list all spells.
A beastly little devil appears in a puff of flame.
The wyvern skeleton bites you!
Ouch! That really hurt!
You die...

.## .... ....
#..#
#>.##########
#..†.)......#
#.##?†5....^#
#..Z@....#
#...<5...#
#..........#
##.).##.####
#...# †#
#.### .# #..
.. #.# #. .
..


You could see a wyvern skeleton (ally target) and 2 friendly crimson imps.

Vanquished Creatures
  An endoplasm (D:2)
  A giant cockroach (D:2)
  A hobgoblin (D:3)
  A jackal (D:1)
  4 bats
  A frilled lizard (D:1)
  A kobold (D:1)
10 creatures vanquished.

Vanquished Creatures (collateral kills)
  2 adders (D:2)
  A worm (D:3)
  2 dart slugs
  An orc (D:3)
  2 endoplasms
  3 goblins
  5 hobgoblins
  A jackal (D:1)
  A quokka (D:3)
  4 ball pythons
  3 bats
  4 frilled lizards
  3 kobolds
  3 rats
35 creatures vanquished.

Grand Total: 45 creatures vanquished

Notes
Turn   | Place    | Note
-------+----------+-------------------------------------------
     0 | D:1      | DoubleLucky the Tengu Summoner began the quest for the Orb.
     0 | D:1      | Reached XP level 1. HP: 10/10 MP: 4/4
   174 | D:1      | Reached skill level 5 in Summonings
   195 | D:1      | Reached XP level 2. HP: 15/15 MP: 1/6
   198 | D:1      | Learned a level 2 spell: Call Imp
   774 | D:1      | Found a glowing golden altar of the Shining One.
   948 | D:2      | Reached XP level 3. HP: 19/19 MP: 1/7
  1100 | D:2      | Found a faded altar of an unknown god.
  1697 | D:3      | Learned a level 3 spell: Call Canine Familiar
  1877 | D:3      | Mangled by a wyvern skeleton

Illustrated notes

Levels and vault maps discovered:
D:1:      dpeg_arrival_water_altar, layout_rooms, minivault_25
D:2:      layout_basic, ebering_ecumenical_altar_abandoned, kennysheep_path_1,
          nicolae_underground_beach
D:3:      cheibrodos_pilgrimage, layout_rooms

Skill      XL: |  1 |
---------------+----+-----
Summonings     | 5 |  5.6
Dodging        | |  2.1
Stealth        | |  2.0
Spellcasting   | |  2.9

Action                   || total
-------------------------++-------
Melee: Unarmed           ||     3
       Dagger            ||    16
       Kick              ||     4
 Cast: Summon Small Mamm ||    26
       Call Imp          ||    27
 Stab: Sleeping          ||     1
Armor: Robe              ||     4
Dodge: Dodged            ||    21
